 Dungeon Crawl Stone Soup version 0.30-a0-1112-gfb780f5df6 (webtiles) character file.

Game seed: 7334468852297837829

12873 retardedninja the Thaumaturge (level 12, -22/91 HPs)
             Began as a Gnoll Fire Elementalist on Apr 19, 2023.
             Was a High Priest of Cheibriados.
             Killed by an exploding blink frog (35 damage)
             ... ignited by their inner flame
             ... on level 1 of the Lair of Beasts.
             The game lasted 00:31:52 (19035 turns).

retardedninja the Thaumaturge (GnFE)               Turns: 19035, Time: 00:31:52

Health: -22/91     AC: 12    Str: 21    XL:     12   Next: 0%
Magic:  12/24      EV: 20    Int: 38    God:    Cheibriados [*****.]
Gold:   725        SH:  0    Dex: 26    Spells: 18/28 levels left

rFire   . . .      SeeInvis .    u - +4 flail (heavy)
rCold   . . .      Faith    .    (no shield)
rNeg    . . .      Spirit   .    w - +1 robe {Will+}
rPois   .          Reflect  .    e - +0 helmet
rElec   .          Rampage  .    j - +1 cloak
rCorr   .                        (no gloves)
Will    +....                    x - +0 pair of boots
Stlth   +++++                    (no amulet)
HPRegen 0.35/turn                n - +4 ring of protection
MPRegen 0.19/turn                d - +6 ring of intelligence

@: very slow
A: fangs 1, strong nose, distributed training
a: Renounce Religion, Bend Time, Temporal Distortion, Slouch, Step From Time


You were on level 1 of the Lair of Beasts.
You worshipped Cheibriados.
Cheibriados was extremely pleased with you.
You visited 3 branches of the dungeon, and saw 13 of its levels.

You collected 895 gold pieces.
You spent 170 gold pieces at shops.

Inventory:

Hand Weapons
 u - a +4 heavy flail (weapon)
Missiles
 b - 5 throwing nets
Armour
 e - a +0 helmet (worn)
 j - a +1 cloak (worn)
 w - a +1 robe of willpower (worn)
 x - a +0 pair of boots (worn)
Jewellery
 d - a +6 ring of intelligence (right hand)
 n - a +4 ring of protection (left hand)
Wands
 o - a wand of paralysis (4)
 y - a wand of flame (23)
 F - a wand of polymorph (12)
Scrolls
 c - a scroll of vulnerability {unknown}
 l - 2 scrolls of identify
 q - 3 scrolls of fear {unknown}
 r - a scroll of blinking
 s - a scroll of poison {unknown}
 v - 4 scrolls of magic mapping
 A - a scroll of silence
 B - a scroll of teleportation
 E - a scroll of amnesia {unknown}
Potions
 a - a potion of invisibility {unknown}
 f - 2 potions of curing
 g - a potion of flight {unknown}
 h - a potion of mutation {unknown}
 i - 2 potions of brilliance
 k - a potion of attraction {unknown}
 p - a potion of resistance
 t - a potion of lignification
 C - 2 potions of degeneration {unknown}
Miscellaneous
 m - a tin of tremorstones (inert)
 D - a phial of floods


   Skills:
 + Level 7.1 Fighting
 + Level 7.1 Short Blades
 + Level 7.1 Long Blades
 + Level 7.1 Axes
 + Level 7.1 Maces & Flails
 + Level 7.1 Polearms
 + Level 7.1 Staves
 + Level 7.1 Ranged Weapons
 + Level 7.1 Throwing
 + Level 7.1 Armour
 + Level 8.5 Dodging
 + Level 8.3 Stealth
 + Level 7.1 Shields
 + Level 7.1 Unarmed Combat
 + Level 8.7 Spellcasting
 + Level 6.3 Conjurations
 + Level 5.8 Hexes
 + Level 5.8 Summonings
 + Level 5.8 Necromancy
 + Level 5.8 Translocations
 + Level 5.8 Transmutations
 + Level 8.1 Fire Magic
 + Level 5.8 Ice Magic
 + Level 5.8 Air Magic
 + Level 5.8 Earth Magic
 + Level 5.8 Poison Magic
 + Level 7.7 Invocations
 + Level 7.1 Evocations


You had 18 spell levels left.
You knew the following spells:

 Your Spells              Type           Power      Damage    Failure   Level
a - Foxfire               Conj/Fire      100%       2x1d9     1%          1
b - Scorch                Fire           100%       2d9       1%          2
c - Flame Wave            Conj/Fire      64%        2d15      1%          4
d - Inner Flame           Hex/Fire       63%        N/A       1%          3

Your spell library contained the following spells:

 Spells                   Type           Power      Damage    Failure   Level
 Magic Dart               Conj           100%       1d8       1%          1
 Slow                     Hex            100%       N/A       1%          1
 Searing Ray              Conj           100%       2d8       1%          2
 Confusing Touch          Hex            57%        N/A       1%          3
 Dazzling Flash           Conj/Hex       100%       N/A       1%          3
 Summon Guardian Golem    Hex/Summ       57%        N/A       1%          3
 Vampiric Draining        Necr           57%        2d10      1%          3
 Volatile Blastmotes      Fire/Tloc      100%       2d18      1%          3
 Fulminant Prism          Conj/Hex       29%        3d14      1%          4
 Iskenderun's Mystic Bla  Conj/Tloc      58%        2d12      1%          4
 Starburst                Conj/Fire      32%        6d10      19%         6
 Orb of Destruction       Conj           29%        9d9       82%         7
 Spellforged Servitor     Conj/Summ      29%        N/A       85%         7


Dungeon Overview and Level Annotations

Branches:
Dungeon (11/15)            Temple (1/1) D:7            Lair (1/5) D:10
    Orc: D:9-12

Altars:
Ashenzari
Cheibriados
Dithmenos
Elyvilon
Fedhas
Gozag
Hepliaklqana
Kikubaaqudgha
Makhleb
Nemelex Xobeh
Okawaru
Qazlal
Ru
Sif Muna
Trog
Uskayaw
Vehumet
Wu Jian
Xom
Yredelemnul
Zin
The Shining One

Shops:
D:5 [   D:6 ?

Annotations:
D:7 1 runed translucent door, Crazy Yiuf


Innate Abilities, Weirdness & Mutations

You have very sharp teeth.
Your uncanny sense of smell can sniff out nearby items.
Your experience applies equally to all skills.


Message History

You conjure some foxfire!
The bullfrog completely misses you.
The foxfire hits the bullfrog.
The bullfrog is severely wounded.
The foxfire hits the bullfrog.
The bullfrog is severely wounded.
The bullfrog hits you but does no damage.
The blink frog blinks!
The bullfrog hits you but does no damage.
The bullfrog barely misses you.
Casting: Foxfire (safe; 1% risk of failure)
Press: ? - help, Q - select action, (/) - cycle Dir - look around, f - activate
Okay, then.
The bullfrog barely misses you. The bullfrog completely misses you. x2
You are too injured to fight recklessly!
Unknown command.
You are too injured to fight recklessly!
Unknown command.
You barely miss the blink frog. The bullfrog barely misses you.
The blink frog misses you. The bullfrog misses you. The blink frog hits you!
* * * LOW HITPOINT WARNING * * *
The blink frog blinks! x2
The blink frog closely misses you. The bullfrog misses you.
The blink frog completely misses you. The bullfrog hits you.
* * * LOW HITPOINT WARNING * * *
The blink frog closely misses you. The bullfrog hits you.
* * * LOW HITPOINT WARNING * * *
You see here a blink frog corpse.
The tremorstone explodes into fragments!
The burst of rock shards engulfs the blink frog!! x2
You kill the blink frog!
Cheibriados thoroughly appreciates the change of pace.
The burst of rock shards engulfs the blink frog!!
Cheibriados appreciates the change of pace.
The burst of rock shards engulfs you!
* * * LOW HITPOINT WARNING * * *
The tin is emptied!
The blink frog explodes!
The fiery explosion engulfs you!!
You die...

#..## ∆ ##..## #
####....## ##
#P.......###.
##........#...
###.............
####..............#
###§§F..#...........#
...##..§@.###..........##
......§§§####...........#
###....##.##............#
#....# #.#.............#
###...###...>..#........
#...........###........
#..#........##.........
...###.....####........
#.. ##..(.##..........


You could see a bullfrog.

Vanquished Creatures
  Harold (D:10)
  2 two-headed ogres
  An ugly thing (D:9)
  A manticore (D:9)
  A cyclops (D:11)
  A black mamba (Lair:1)
  A gargoyle (D:10)
  3 kobold demonologists (D:11)
  A troll (D:10)
  6 blink frogs (Lair:1)
  A shadow (D:9)
  A basilisk (D:9)
  3 wyverns
  3 steam dragons
  5 vampire mosquitoes
  6 water moccasins
  4 black bears
  A sky beast (D:7)
  4 orc warriors
  3 ogres
  7 centaurs
  A phantom (D:7)
  7 kobold brigands
  7 bullfrogs
  3 gnoll sergeants
  4 scorpions
  3 wights (D:9)
  10 killer bees
  4 howler monkeys
  An electric eel (D:10)
  3 hounds
  7 orc priests
  2 gnoll boudas
  2 jellies
  3 iguanas
  10 orc wizards
  5 adders
  30 gnolls
  2 white imps (D:7)
  3 ufetubi
  A worm (D:4)
  5 dart slugs
  66 orcs
  11 endoplasms
  7 giant cockroaches
  4 goblins
  6 hobgoblins
  18 jackals
  31 kobolds
  9 quokkas
  6 ball pythons
  9 bats
  2 frilled lizards
  7 rats
345 creatures vanquished.

Vanquished Creatures (others)
  1092 foxfires
  57 fungi
  48 plants
  2 withered plants (D:8)
1199 creatures vanquished.

Grand Total: 1544 creatures vanquished

Notes
Turn   | Place    | Note
-------+----------+-------------------------------------------
     0 | D:1      | retardedninja the Gnoll Fire Elementalist began the quest
                  | for the Orb.
     0 | D:1      | Reached XP level 1. HP: 13/13 MP: 6/6
   398 | D:1      | Reached XP level 2. HP: 19/19 MP: 4/7
  1263 | D:1      | Reached skill level 5 in Spellcasting
  1263 | D:1      | Reached XP level 3. HP: 25/25 MP: 4/9
  1553 | D:1      | Reached skill level 1 in Invocations
  1685 | D:1      | Learned a level 2 spell: Scorch
  1909 | D:2      | Reached skill level 1 in Fighting
  1909 | D:2      | Reached skill level 1 in Short Blades
  1909 | D:2      | Reached skill level 1 in Long Blades
  1909 | D:2      | Reached skill level 1 in Axes
  1909 | D:2      | Reached skill level 1 in Maces & Flails
  1909 | D:2      | Reached skill level 1 in Polearms
  1909 | D:2      | Reached skill level 1 in Staves
  1909 | D:2      | Reached skill level 1 in Ranged Weapons
  1909 | D:2      | Reached skill level 1 in Throwing
  1909 | D:2      | Reached skill level 1 in Armour
  1909 | D:2      | Reached skill level 1 in Shields
  1909 | D:2      | Reached skill level 1 in Unarmed Combat
  1909 | D:2      | Reached skill level 1 in Evocations
  2095 | D:2      | Reached XP level 4. HP: 32/32 MP: 7/11
  2443 | D:2      | Reached skill level 1 in Hexes
  2443 | D:2      | Reached skill level 1 in Summonings
  2443 | D:2      | Reached skill level 1 in Necromancy
  2443 | D:2      | Reached skill level 1 in Translocations
  2443 | D:2      | Reached skill level 1 in Transmutations
  2443 | D:2      | Reached skill level 1 in Ice Magic
  2443 | D:2      | Reached skill level 1 in Air Magic
  2443 | D:2      | Reached skill level 1 in Earth Magic
  2443 | D:2      | Reached skill level 1 in Poison Magic
  2605 | D:2      | Found a hazy altar of Hepliaklqana.
  3643 | D:3      | Reached XP level 5. HP: 37/37 MP: 7/12
  4479 | D:4      | Noticed an ogre
  4484 | D:4      | Killed an ogre
  4485 | D:4      | Reached skill level 5 in Dodging
  4485 | D:4      | Reached XP level 6. HP: 44/44 MP: 2/14
  4492 | D:4      | Found a sacrificial altar of Ru.
  5083 | D:4      | Reached XP level 7. HP: 50/50 MP: 0/15
  5685 | D:4      | Found a glowing silver altar of Zin.
  5685 | D:4      | Found a glowing golden altar of the Shining One.
  5685 | D:4      | Found a white marble altar of Elyvilon.
  5770 | D:4      | Found a radiant altar of Vehumet.
  6127 | D:4      | Reached skill level 5 in Stealth
  6940 | D:5      | Entered Level 5 of the Dungeon
  6940 | D:5      | Found Tekhlec's Armour Emporium.
  6944 | D:5      | Bought a +0 robe of willpower for 107 gold pieces
  6944 | D:5      | Bought a +0 pair of boots for 63 gold pieces
  7013 | D:5      | Reached XP level 8. HP: 58/58 MP: 14/16
  7102 | D:5      | Found a snail-covered altar of Cheibriados.
  7119 | D:5      | Became a worshipper of Cheibriados the Contemplative
  7973 | D:6      | Found Uggumnab's Magic Scroll Shoppe.
  8392 | D:6      | Reached * piety under Cheibriados
  8984 | D:6      | Reached XP level 9. HP: 65/65 MP: 13/18
  9365 | D:7      | Found a sparkling altar of Nemelex Xobeh.
  9450 | D:7      | Found a staircase to the Ecumenical Temple.
  9505 | Temple   | Entered the Ecumenical Temple
  9563 | D:7      | Found an iron altar of Okawaru.
  9564 | D:7      | Found a shadowy altar of Dithmenos.
  9719 | D:7      | Found a runed translucent door.
  9720 | D:7      | Noticed Crazy Yiuf
 10003 | D:7      | Reached ** piety under Cheibriados
 10846 | D:8      | Reached skill level 5 in Invocations
 11220 | D:8      | Found an ancient bone altar of Kikubaaqudgha.
 12069 | D:9      | Learned a level 4 spell: Flame Wave
 12076 | D:9      | Reached skill level 5 in Fighting
 12076 | D:9      | Reached skill level 5 in Short Blades
 12076 | D:9      | Reached skill level 5 in Long Blades
 12076 | D:9      | Reached skill level 5 in Axes
 12076 | D:9      | Reached skill level 5 in Maces & Flails
 12076 | D:9      | Reached skill level 5 in Polearms
 12076 | D:9      | Reached skill level 5 in Staves
 12076 | D:9      | Reached skill level 5 in Ranged Weapons
 12076 | D:9      | Reached skill level 5 in Throwing
 12076 | D:9      | Reached skill level 5 in Armour
 12076 | D:9      | Reached skill level 5 in Shields
 12076 | D:9      | Reached skill level 5 in Unarmed Combat
 12076 | D:9      | Reached skill level 5 in Evocations
 12076 | D:9      | Reached XP level 10. HP: 66/74 MP: 0/20
 12472 | D:9      | Reached *** piety under Cheibriados
 12807 | D:9      | Reached skill level 5 in Conjurations
 13378 | D:9      | Noticed a two-headed ogre
 13378 | D:9      | Noticed a green ugly thing
 13396 | D:9      | Killed a green ugly thing
 13547 | D:9      | Killed a two-headed ogre
 13591 | D:9      | Noticed a manticore
 13607 | D:9      | Killed a manticore
 13770 | D:9      | Identified the staff of poison "Munning" {rPois rN+ MP-9
                  | Int+4 Dex+4}
 14093 | D:10     | Entered Level 10 of the Dungeon
 14341 | D:10     | Reached skill level 5 in Hexes
 14341 | D:10     | Reached skill level 5 in Summonings
 14341 | D:10     | Reached skill level 5 in Necromancy
 14341 | D:10     | Reached skill level 5 in Translocations
 14341 | D:10     | Reached skill level 5 in Transmutations
 14341 | D:10     | Reached skill level 5 in Ice Magic
 14341 | D:10     | Reached skill level 5 in Air Magic
 14341 | D:10     | Reached skill level 5 in Earth Magic
 14341 | D:10     | Reached skill level 5 in Poison Magic
 14341 | D:10     | Reached XP level 11. HP: 73/81 MP: 9/22
 14986 | D:10     | Reached **** piety under Cheibriados
 15601 | D:10     | Found a staircase to the Lair.
 15750 | D:10     | Noticed a fire dragon
 15820 | D:10     | Noticed Harold
 15834 | D:10     | Killed Harold
 16034 | D:10     | Found an opulent altar of Gozag.
 16616 | D:11     | Noticed a cyclops
 16631 | D:11     | Killed a cyclops
 16825 | D:11     | Reached ***** piety under Cheibriados
 17004 | D:11     | Found a glowing silver altar of Zin.
 17189 | D:11     | Noticed a two-headed ogre
 17714 | D:11     | Killed a two-headed ogre
 18375 | D:11     | Learned a level 3 spell: Inner Flame
 18595 | Lair:1   | Entered Level 1 of the Lair of Beasts
 19019 | Lair:1   | Reached XP level 12. HP: 37/91 MP: 11/24
 19035 | Lair:1   | Killed by an exploding blink frog... ignited by their inner
                  | flame

Illustrated notes

Levels and vault maps discovered:
D:1:      matt_arrival_spirals, layout_loops_corners
D:2:      layout_loops_ring, basic_altar
D:3:      layout_loops_corners, minivault_24
D:4:      lemuel_castle_with_subvaults [lemuel_castle_interior_original],
          layout_loops_ring, dreamdust_divine_triumvirate,
          mainiacjoe_overflow_six_doors_small, nicolae_ru_awakened_eye
D:5:      layout_loops_ring, kennysheep_slug_shrine, serial_shops, shop,
          kennysheep_cluttered_room, nicolae_figureground_pulse
D:6:      layout_basic, serial_glass, glass_columns_c, glass_columns_b,
          serial_shops, nicolae_shop_behind_doors, nicolae_nh_ransacked_shop
D:7:      layout_loops_corners, marbit_many_paths,
          mainiacjoe_overflow_catwalk_spiral, minmay_temple_entry_arrows,
          serial_glass, glass_columns_a, glass_columns_c, glass_columns_a,
          glass_columns_a, uniq_crazy_yiuf_cottage
D:8:      layout_loops_ring, kiku_gazebo_garden_becter
D:9:      layout_basic, minmay_pinched_square
D:10:     dragon1_lemuel, layout_loops_corners, grunt_gozag_statues,
          due_lair_maze_entry_diamond, uniq_harold
D:11:     layout_long_grid, minmay_door_square, zin_statuary
Temple:   nicolae_temple_ecumenical_triangle
Lair:1:   layout_layer_cave, gauntlet_entry_generic, grunt_megastairs_4,
          lemuel_fruit_fields

Skill      XL: |  1  2  3  4  5  6  7  8  9 10 11 |
---------------+----------------------------------+-----
Conjurations   | 2 3 4 5 6 |  6.3
Spellcasting   | 5 6 7 8 |  8.7
Invocations    | 1 2 3 4 5 6 7 |  7.7
Fighting       | 1 2 3 5 6 7 |  7.1
Short Blades   | 1 2 3 5 6 7 |  7.1
Long Blades    | 1 2 3 5 6 7 |  7.1
Axes           | 1 2 3 5 6 7 |  7.1
Maces & Flails | 1 2 3 5 6 7 |  7.1
Polearms       | 1 2 3 5 6 7 |  7.1
Staves         | 1 2 3 5 6 7 |  7.1
Ranged Weapons | 1 2 3 5 6 7 |  7.1
Throwing       | 1 2 3 5 6 7 |  7.1
Armour         | 1 2 3 5 6 7 |  7.1
Shields        | 1 2 3 5 6 7 |  7.1
Unarmed Combat | 1 2 3 5 6 7 |  7.1
Evocations     | 1 2 3 5 6 7 |  7.1
Hexes          | 1 2 3 4 5 |  5.8
Summonings     | 1 2 3 4 5 |  5.8
Necromancy     | 1 2 3 4 5 |  5.8
Translocations | 1 2 3 4 5 |  5.8
Transmutations | 1 2 3 4 5 |  5.8
Ice Magic      | 1 2 3 4 5 |  5.8
Air Magic      | 1 2 3 4 5 |  5.8
Earth Magic    | 1 2 3 4 5 |  5.8
Poison Magic   | 1 2 3 4 5 |  5.8
Dodging        | 5 6 7 8 |  8.5
Stealth        | 5 6 7 8 |  8.3
Fire Magic     | 6 7 8 |  8.1

Action                     |  1- 3 |  4- 6 |  7- 9 | 10-12 || total
---------------------------+-------+-------+-------+-------++-------
  Melee: Short sword       |       |     9 |       |       ||     9
         Mace              |       |     9 |       |       ||     9
         Bite              |       |     3 |     3 |     4 ||    10
         Flail             |       |    13 |    19 |    45 ||    77
         Punch             |       |     1 |       |       ||     1
   Cast: Foxfire           |   103 |   117 |   281 |   192 ||   693
         Scorch            |       |    22 |    93 |    93 ||   208
         Flame Wave        |       |       |     2 |    25 ||    27
         Inner Flame       |       |       |       |     1 ||     1
 Invoke: Bend Time         |       |       |       |     1 ||     1
  Evoke: Tin of tremorston |       |       |       |     4 ||     4
         Phial of floods   |       |       |       |     1 ||     1
         Wand              |       |       |       |     1 ||     1
    Use: Scroll            |       |     2 |     6 |    10 ||    18
         Potion            |       |       |     3 |     8 ||    11
 Armour: Robe              |    15 |    64 |    64 |   116 ||   259
         Skin              |       |       |       |    46 ||    46
  Dodge: Dodged            |    33 |   129 |   162 |   388 ||   712

Table legend: (Time is in decaauts)
 A = Elapsed time spent in this place.
 B = Non-inter-level travel time spent in this place.
 C = Inter-level travel time spent in this place.
 D = Time resting spent in this place.
 E = Time spent auto-exploring this place.
 F = Levels seen in this place.
 G = Mean time per level.
                   A        B        C        D        E       F      G
               +--------+--------+--------+--------+--------+-----+--------+
         Total |  22054 |  21239 |    815 |   3213 |  14925 |  13 | 1696.5 |
       Dungeon |  21416 |  20609 |    807 |   3104 |  14517 |  11 | 1946.9 |
        Temple |     60 |     52 |      8 |      0 |     42 |   1 |   60.0 |
          Lair |    576 |    576 |      0 |    109 |    365 |   1 |  576.0 |
               +--------+--------+--------+--------+--------+-----+--------+

Top non-repeatable levels by time:
     D:9: 3162 daAuts
    D:10: 2773 daAuts
    D:11: 2644 daAuts
     D:4: 2630 daAuts
     D:1: 1886 daAuts
     D:7: 1598 daAuts
     D:8: 1582 daAuts
     D:5: 1461 daAuts
     D:3: 1445 daAuts
     D:6: 1220 daAuts
     D:2: 1009 daAuts
  Lair:1: 576 daAuts
  Temple: 60 daAuts
